 Dungeon Crawl Stone Soup version 0.25.0-9-g26727b657a (webtiles) character file.

Game seed: 17317902703738363476

377818 tilp the Phalangite (level 21, -2/184 HPs)
             Began as a Minotaur Berserker on June 19, 2020.
             Was the Champion of Trog.
             Hit by a large rock thrown by a stone giant (12 damage)
             ... on level 3 of the Vaults on June 20, 2020.
             The game lasted 01:50:03 (56402 turns).

tilp the Phalangite (Minotaur Berserker)           Turns: 56402, Time: 01:50:04

Health: -2/184     AC: 37    Str: 23    XL:     21   Next: 48%
Magic:  0/9        EV: 15    Int:  5    God:    Trog [******]
Gold:   2737       SH:  0    Dex: 14    Spells: 20/20 levels left

rFire    . . .     SeeInvis +   b - +9 executioner's axe (antimagic)
rCold    . . .     Gourm    .   (shield currently unavailable)
rNeg     . . .     Faith    .   l - +4 storm dragon scales {Bai Suzhen}
rPois    .         Spirit   +   g - +2 hat
rElec    +         Reflect  .   I - +2 cloak
rCorr    .         Harm     .   M - +2 pair of gloves
MR       +....     Clarity  +   Z - +2 pair of boots
Stlth    ..........             x - amulet of guardian spirit
HPRegen  0.00/turn              q - +4 ring of protection
MPRegen  0.11/turn              Y - ring of see invisible

@: about to teleport
A: retaliatory headbutt, horns 2, clarity, inhibited regeneration, weak 2, wild
magic 1
}: 3/15 runes: serpentine, barnacled, abyssal
a: Berserk, Trog's Hand, Brothers in Arms, Renounce Religion


You were on level 3 of the Vaults.
You worshipped Trog.
Trog was exalted by your worship.
You were very hungry.

You visited 7 branches of the dungeon, and saw 35 of its levels.
You visited the Abyss 3 times.
You visited 1 bazaar.
You also visited: Sewer and Ice Cave.

You collected 4839 gold pieces.
You spent 2102 gold pieces at shops.

Inventory:

Hand Weapons
 a - the +8 executioner's axe "Duyhibei" {speed, +Inv rPois Stlth+}
   (You acquired it on level 3 of the Abyss)

   Attacks with this weapon are significantly faster.
   It protects you from poison.
   It lets you turn invisible.
   It makes you more stealthy.
 b - a +9 antimagic executioner's axe (weapon)
 u - the +5 scythe "Finisher" {speed, eviscerate}
   (You found it on level 10 of the Dungeon)

   Attacks with this weapon are significantly faster.
 R - a +3 executioner's axe of flaming
Missiles
 w - 93 javelins (quivered)
 J - 8 silver boomerangs
 V - 9 throwing nets {!f}
Armour
 g - a +2 hat (worn)
 l - +4 storm dragon scales (worn) {Bai Suzhen}
 I - a +2 cloak (worn)
 M - a +2 pair of gloves (worn)
 Z - a +2 pair of boots (worn)
Jewellery
 e - an uncursed amulet of reflection
 j - an uncursed ring of poison resistance
 q - a +4 ring of protection (left hand)
 x - an amulet of guardian spirit (around neck)
 y - an uncursed ring of protection from cold
 F - an uncursed ring of positive energy
 G - an uncursed ring of fire
 Y - a ring of see invisible (right hand)
Wands
 t - a wand of disintegration (54)
 E - a wand of paralysis (11)
 H - a wand of clouds (8)
 K - a wand of iceblast (14)
 L - a wand of enslavement (13)
 S - a wand of polymorph (22)
 X - a wand of acid (25)
Scrolls
 k - 17 scrolls of remove curse
 m - 6 scrolls of magic mapping
 n - 8 scrolls of blinking
 o - a scroll of fear
 r - 3 scrolls of fog
 B - 25 scrolls of teleportation
 D - a scroll of enchant weapon
 O - 9 scrolls of identify
 P - a scroll of summoning
 Q - a scroll of silence
Potions
 d - 7 potions of flight
 i - 8 potions of heal wounds
 s - 4 potions of haste
 v - 11 potions of curing
 z - 5 potions of might
 A - 2 potions of invisibility
 C - a potion of mutation
 W - 2 potions of cancellation
Miscellaneous
 f - 2 phantom mirrors
 h - a phial of floods
 p - a lightning rod (4/4)
 N - a tin of tremorstones (3/3)
Comestibles
 c - 29 rations


   Skills:
 - Level 15.0 Fighting
 * Level 21.1(25.3) Axes
 - Level 24.4(26.9) Polearms
 - Level 16.0 Throwing
 - Level 15.0 Armour
 - Level 12.0 Dodging
 - Level 10.0 Evocations


You had 20 spell levels left.
You didn't know any spells.
Your spell library was empty.

Dungeon Overview and Level Annotations

Branches:
Dungeon (15/15)            Temple (0/1) D:6            Lair (6/6) D:9
 Shoals (4/4) Lair:2        Snake (4/4) Lair:3        Slime (0/5) Lair:5
    Orc (2/2) D:11            Elf (1/3) Orc:2        Vaults (3/5) D:13
  Crypt (0/3) Vaults:2     Depths (0/5) D:15          Sewer (visited)
  IceCv (visited)

Altars:
Cheibriados
Elyvilon
Fedhas
Nemelex Xobeh
Okawaru
Ru
Sif Muna
Trog
Wu Jian
Xom
Beogh

Shops:
D:8 *   D:15 (   Orc:2 [*:(   Shoals:1 (   Shoals:2 :   Shoals:3 }

Annotations:
Lair:1 2 transporters
Lair:6 exclusions: 3 doors and oklob plant
Snake:1 2 runed translucent doors, Canard's ghost, adept OpTm
Snake:2 3 runed translucent doors, Zoimialu's ghost, adept OpWz
Orc:1 exclusion: 2 orange crystal statues


Innate Abilities, Weirdness & Mutations

You reflexively headbutt those who attack you in melee.
You have a pair of horns on your head.
You possess an exceptional clarity of mind.
You do not regenerate when monsters are visible.
You are very weak. (Str -4)
Your spells are a little harder to cast, but a little more powerful.


Message History

The frost giant freezes you.
* * * LOW HITPOINT WARNING * * *
Unknown command.
You feel much better. The deep troll misses you. You furiously retaliate!
You headbutt the deep troll!
The deep troll claws you but does no damage.
The deep troll misses you.
The stone giant throws a large rock.
The large rock hits you!!
* * * LOW HITPOINT WARNING * * *
The frost giant barely misses you.
You slice the deep troll!!
You kill the deep troll!
Trog accepts your kill. Something appears at your feet!
Trog grants you a weapon!
You slice the frost giant!!
The frost giant's magic leaks into the air.
You hear two shouts!
The stone giant throws a large rock.
The large rock hits you!
You die...

#..#
#..............####
...#
#...########...#
..#
#...#......#...#
.###
#...#...(..#...#
...#
#...#......#...#
...#
#...#....^.#...#
####
#...#.....(#...#
#...#...)..#...#
####
#...#.)@...#...#
...#
#...#CC)...#...#
...#
#...##G#####...#
.###
#.....ep.......#
..##
#.........)....#
...#
#..............#
#..#
#..............#
####
#..............#
#...#########..#


You could see a frost giant, a stone giant, a deep elf death mage and a glowing
orange brain.

Vanquished Creatures
  Bai Suzhen (Shoals:3)
  2 bone dragons (Abyss:3)
  A lich (Vaults:3)
  A Hell Sentinel (Abyss:3)
  Polyphemus (Shoals:3)
  A sphinx (Vaults:1)
  Kirke (Snake:3)
  4 tentacled starspawn
  A storm dragon (Vaults:3)
  8 nagarajas
  2 frost giants
  A tengu reaver (Vaults:3)
  Ilsuiw (Shoals:3)
  2 deep elf sorcerers (Elf:1)
  A frost giant (shapeshifter) (Vaults:2)
  Aizul (Snake:3)
  Louise (Shoals:3)
  3 vault wardens
  A cacodemon (Abyss:2)
  3 ironheart preservers
  2 reapers (Abyss:3)
  A very ugly thing (Abyss:3)
  2 stone giants (Vaults:3)
  A deep elf demonologist (Abyss:3)
  A black draconian (Abyss:3)
  Nessos (Lair:6)
  A dire elephant (Lair:6)
  Azrael (Snake:2)
  A yellow draconian (Abyss:3)
  4 merfolk javelineers (Shoals:4)
  A fire dragon (Vaults:1)
  6 ettins (Abyss:3)
  A jiangshi (Abyss:3)
  A crystal guardian (Vaults:3)
  2 green deaths (Abyss:3)
  11 merfolk impalers
  Josephine (Lair:5)
  2 deep elf death magi
  An eidolon (Abyss:3)
  Fannar (Lair:3)
  7 yaktaur captains
  5 hydras
  14 vault guards
  13 anacondas
  2 great orbs of eyes (Abyss:3)
  An ice dragon (Vaults:2)
  7 ogre magi
  2 merfolk aquamancers
  Erica (D:8)
  15 naga warriors
  2 catoblepae
  25 two-headed ogres
  A satyr (Shoals:2)
  2 merfolk avatars (Shoals:3)
  A death knight (Vaults:3)
  6 centaur warriors
  2 deep troll shamans (Vaults:2)
  A deep troll earth mage (Vaults:2)
  9 shock serpents
  2 vampire magi
  12 death yaks
  4 dancing weapons (Elf:1)
  7 thrashing horrors (Abyss:3)
  2 orc high priests (Orc:2)
  15 naga sharpshooters
  A shock serpent (shapeshifter) (Vaults:2)
  6 deep elf knights
  4 wretched stars
  23 large abominations
  17 skeletal warriors
  2 shadow wraiths
  2 sixfirhies
  15 sea snakes
  6 wizards
  A salamander mystic (Snake:3)
  3 deep trolls
  A death drake (shapeshifter) (Vaults:1)
  11 starcursed masses
  3 unseen horrors
  9 deep elf archers
  2 flayed ghosts
  A glowing orange brain (Vaults:3)
  An obsidian statue (D:12)
  5 naga ritualists
  7 ironbrand convokers
  2 necromancers (Vaults:3)
  4 harpies
  2 orange crystal statues (Orc:1)
  A phantasmal warrior (Vaults:3)
  10 orc knights
  11 ugly things
  29 deep elf magi
  2 wolf spiders
  14 manticores
  7 salamanders
  4 fauns
  A salamander (shapeshifter) (Elf:1)
  6 orc sorcerers
  7 mana vipers
  A worldbinder (Abyss:2)
  10 cyclopes
  11 elephants
  2 stone giant skeletons
  A black mamba (shapeshifter) (Vaults:2)
  45 black mambas
  4 merfolk sirens
  A fire giant skeleton (Abyss:3)
  5 guardian serpents
  An apocalypse crab (Abyss:2)
  Joseph (D:8)
  3 smoke demons
  5 vault sentinels
  A torpor snail (Lair:6)
  A rust devil (Abyss:3)
  2 centaur zombies
  38 naga magi
  6 water nymphs
  13 spiny frogs
  2 orange demons
  A human skeleton (Vaults:3)
  An ice statue (IceCv)
  5 rime drakes
  2 gargoyles
  2 hellions (Abyss:3)
  A freezing wraith (D:14)
  4 efreet
  An anaconda simulacrum (Abyss:3)
  5 komodo dragons
  7 yaktaurs
  4 ancient zymes
  2 kobold demonologists
  A demonic crawler (Abyss:3)
  A tormentor (Abyss:3)
  3 meliai (D:13)
  A silent spectre (Abyss:3)
  The ghost of Enish the Chopper, an amateur MiBe of Trog (D:4)
  25 merfolk
  11 trolls
  4 hornets
  14 polar bears (IceCv)
  12 blink frogs
  2 stone giant simulacra
  12 raiju
  26 slime creatures
  A harpy skeleton (D:14)
  15 hippogriffs
  4 wind drakes
  8 snapping turtles
  A hippogriff (shapeshifter) (Vaults:3)
  A frost giant simulacrum (Vaults:2)
  A fire giant simulacrum (Vaults:3)
  11 dream sheep
  A flying skull (Abyss:3)
  3 air elementals
  4 vampires
  Sigmund (D:4)
  3 shadows
  2 human simulacra
  3 ynoxinuls (Abyss:3)
  12 wraiths
  2 centaur simulacra
  An ettin skeleton (Abyss:3)
  6 fire bats (Lair:6)
  6 wyverns
  10 water elementals
  A human (D:8)
  A basilisk (shapeshifter) (D:15)
  2 fire elementals (Elf:1)
  2 basilisks
  67 yaks
  4 hogs (Snake:3)
  11 vampire mosquitoes (D:15)
  4 chaos spawn (Abyss:3)
  2 hungry ghosts
  6 neqoxecs
  5 wargs (Orc:2)
  46 nagas
  2 soldier ants
  2 acid dragons (D:15)
  3 hell hounds (Abyss:3)
  17 water moccasins
  A floating eye (Abyss:3)
  8 porcupines
  16 small abominations
  4 black bears
  2 sky beasts
  7 ice beasts
  A deep troll skeleton (Vaults:3)
  A necrophage (D:9)
  31 orc warriors
  2 eyes of draining
  21 ogres
  4 phantoms
  11 centaurs
  An elf skeleton (Vaults:3)
  5 crocodiles
  14 wolves
  8 boggarts
  A human zombie (Vaults:3)
  An earth elemental (Elf:1)
  Blork the orc (D:5)
  18 bullfrogs
  A water moccasin zombie (D:7)
  2 scorpions
  12 wights
  3 electric eels (Lair:2)
  6 crimson imps
  2 bullfrog zombies
  6 quasits
  23 jellies
  Crazy Yiuf (D:2)
  24 orc priests
  4 hounds
  18 orc wizards
  3 bullfrog skeletons
  A centaur skeleton (D:7)
  2 iron imps (Abyss:3)
  4 iguanas
  14 worker ants
  A killer bee zombie (D:8)
  A hound skeleton (D:11)
  A hound zombie (D:8)
  A howler monkey zombie (D:7)
  11 gnolls
  21 adders
  2 river rats (D:5)
  4 shadow imps
  3 white imps
  2 ufetubi (Abyss:3)
  16 oozes
  6 worms
  2 dart slugs
  12 leopard geckos
  72 orcs
  13 ball pythons
  9 bats
  17 giant cockroaches
  4 goblins
  12 hobgoblins
  17 jackals
  7 kobolds
  5 quokkas
  16 frilled lizards
  A jackal skeleton (D:7)
  A jackal zombie (D:6)
  15 rats
  2 butterflies (Lair:4)
  2 crawling corpses (Vaults:2)
  A lurking horror (Abyss:3)
  A plant (Lair:2)
  3 starspawn tentacles
1594 creatures vanquished.

Vanquished Creatures (collateral kills)
  Vashnia (Snake:2)
  Rupert (Lair:4)
  Gastronok (D:8)
  A revenant (Abyss:3)
  An orc warlord (Orc:2)
  2 merfolk javelineers (Shoals:3)
  2 jiangshi (Abyss:3)
  An orc high priest (Orc:2)
  A naga sharpshooter (Snake:2)
  A naga ritualist (Snake:2)
  An orc knight (Orc:2)
  A manticore (Shoals:3)
  An orc sorcerer (Orc:2)
  3 fauns (Shoals:3)
  A black mamba (Snake:3)
  3 merfolk sirens (Shoals:3)
  2 merfolk (Shoals:3)
  A ynoxinul (Abyss:3)
  2 fire elementals (Snake:2)
  A chaos spawn (Abyss:3)
  2 hell hounds (Snake:2)
  6 orc warriors (Orc:2)
  2 orc priests (Orc:2)
  7 orc wizards (Orc:2)
  An adder (Lair:4)
  3 orcs (Orc:2)
49 creatures vanquished.

Vanquished Creatures (others)
  A large abomination (Abyss:3)
  5 wolves (IceCv)
  A shadow imp (Abyss:3)
  An ufetubus (Abyss:3)
  9 fungi
  A lurking horror (Abyss:3)
  30 plants
  5 starspawn tentacles
53 creatures vanquished.

Grand Total: 1696 creatures vanquished

Notes
Turn   | Place    | Note
-------+----------+-------------------------------------------
     0 | D:1      | tilp the Minotaur Berserker began the quest for the Orb.
     0 | D:1      | Reached XP level 1. HP: 19/19 MP: 0/0
   159 | D:1      | Reached XP level 2. HP: 24/26 MP: 1/1
   482 | D:1      | Reached skill level 5 in Axes
   486 | D:1      | Reached ** piety under Trog
   490 | D:1      | Reached XP level 3. HP: 30/31 MP: 2/2
  1202 | D:2      | Reached XP level 4. HP: 25/39 MP: 3/3
  2183 | D:2      | Found a runed translucent door.
  2184 | D:2      | Noticed Crazy Yiuf
  2591 | D:3      | Reached *** piety under Trog
  2722 | D:3      | HP: 1/39 [iguana (7)]
  2728 | D:3      | Reached XP level 5. HP: 27/45 MP: 4/4
  3111 | D:3      | Found a snail-covered altar of Cheibriados.
  3296 | D:4      | Noticed Sigmund
  3305 | D:4      | Killed Sigmund
  3305 | D:4      | Reached XP level 6. HP: 51/51 MP: 5/5
  3448 | D:4      | Found a large runed translucent door.
  3448 | D:4      | Found a large runed translucent door.
  3450 | D:4      | Noticed Enish's ghost (amateur MiBe)
  3898 | D:4      | Found a blossoming altar of Fedhas.
  3970 | D:5      | Entered Level 5 of the Dungeon
  4095 | D:5      | Reached XP level 7. HP: 56/57 MP: 6/6
  4121 | D:5      | Found a sacrificial altar of Ru.
  4272 | D:5      | Noticed Blork the orc
  4281 | D:5      | Killed Blork the orc
  4281 | D:5      | Reached skill level 10 in Axes
  4332 | D:5      | Found a glowing drain.
  4340 | Sewer    | Entered a sewer
  4410 | Sewer    | Reached **** piety under Trog
  5462 | D:6      | Reached ***** piety under Trog
  5528 | D:6      | Reached XP level 8. HP: 38/64 MP: 5/7
  5663 | D:6      | Found an ornate altar of the Wu Jian Council.
  5663 | D:6      | Found a shimmering blue altar of Sif Muna.
  5664 | D:6      | Found a bloodstained altar of Trog.
  5947 | D:6      | Found a white marble altar of Elyvilon.
  5999 | D:6      | Found a staircase to the Ecumenical Temple.
  6813 | D:8      | Noticed Gastronok
  6828 | D:8      | Noticed Erica
  6842 | D:8      | Killed Erica
  6842 | D:8      | Reached skill level 1 in Evocations
  6842 | D:8      | Reached XP level 9. HP: 63/72 MP: 3/9
  6906 | D:8      | Identified the Incunabulum of Enhancements and Heat
  7004 | D:7      | Noticed a deep elf mage
  7012 | D:7      | Killed a deep elf mage
  7012 | D:7      | Reached skill level 5 in Fighting
  7012 | D:7      | Reached skill level 5 in Armour
  7076 | D:7      | Noticed a cyan ugly thing
  7107 | D:7      | Killed a cyan ugly thing
  7107 | D:7      | Reached XP level 10. HP: 77/83 MP: 7/11
  7365 | D:7      | Reached skill level 1 in Throwing
  7679 | D:8      | Killed Gastronok
  7791 | D:8      | Found Celatt Seamp's Serpentskin Sales.
  7899 | D:8      | Reached skill level 5 in Dodging
  8046 | D:8      | Noticed Joseph
  8056 | D:8      | Killed Joseph
  8473 | D:9      | Noticed a death yak
  8557 | D:9      | Noticed a death yak
  8558 | D:9      | Noticed a death yak
  8581 | D:9      | Killed a death yak
  8589 | D:9      | Killed a death yak
  8589 | D:9      | Reached XP level 11. HP: 94/94 MP: 8/13
  8597 | D:9      | Killed a death yak
  8751 | D:9      | Found a staircase to the Lair.
  9407 | D:10     | Entered Level 10 of the Dungeon
  9989 | D:10     | Reached skill level 15 in Axes
 10009 | D:10     | Found the +5 scythe "Finisher" {speed, eviscerate}
 10184 | D:11     | Noticed a green ugly thing
 10200 | D:10     | Reached skill level 1 in Polearms
 10202 | D:10     | Killed a green ugly thing
 10244 | D:10     | Reached skill level 2 in Polearms
 10390 | D:11     | Reached skill level 3 in Polearms
 10722 | D:11     | Reached skill level 4 in Polearms
 11079 | D:11     | Reached ****** piety under Trog
 11080 | D:11     | Reached skill level 5 in Polearms
 11081 | D:11     | Reached XP level 12. HP: 92/105 MP: 12/14
 11229 | D:11     | Found a staircase to the Orcish Mines.
 11423 | Lair:1   | Entered Level 1 of the Lair of Beasts
 11539 | Lair:1   | Found a transporter.
 12143 | Lair:1   | Found a transporter.
 12200 | Lair:1   | Reached skill level 6 in Polearms
 12304 | Lair:1   | Noticed a six-headed hydra
 12311 | Lair:1   | Killed a two-headed hydra
 12311 | Lair:1   | Reached skill level 10 in Fighting
 12311 | Lair:1   | Reached skill level 7 in Polearms
 12311 | Lair:1   | Reached skill level 10 in Armour
 12753 | Lair:2   | Received a gift from Trog
 12870 | Lair:2   | Reached skill level 8 in Polearms
 13470 | Lair:2   | Reached skill level 9 in Polearms
 13531 | Lair:2   | Found the +8 whip "Snakebite" {curare, rPois}
 13847 | Lair:2   | Found a staircase to the Shoals.
 13931 | Lair:2   | Reached skill level 10 in Polearms
 14460 | Lair:3   | Noticed a four-headed hydra
 14467 | Lair:3   | Killed a four-headed hydra
 14722 | Lair:3   | Reached skill level 11 in Polearms
 14918 | Lair:3   | Noticed Fannar
 14928 | Lair:3   | Killed Fannar
 15247 | Lair:3   | Found a staircase to the Snake Pit.
 15650 | Lair:4   | Found an iron altar of Okawaru.
 15732 | Lair:4   | Reached skill level 13 in Polearms
 15732 | Lair:4   | Reached XP level 13. HP: 113/113 MP: 15/15
 15768 | Lair:4   | Noticed Rupert
 15771 | Lair:4   | Reached XP level 14. HP: 117/121 MP: 14/16
 15773 | Lair:4   | Paralysed by Rupert for 5 turns
 15782 | Lair:4   | Killed Rupert
 16021 | Lair:3   | Reached skill level 14 in Polearms
 16425 | Lair:4   | Got a blackened scale mail
 16675 | Lair:4   | Reached skill level 15 in Polearms
 16998 | Lair:5   | Found a staircase to the Slime Pits.
 17022 | Lair:4   | Received a gift from Trog
 17029 | Lair:4   | Got a bloodstained broad axe {god gift}
 17187 | Lair:5   | You fall into a shaft and drop 1 floor!
 17187 | Lair:6   | Entered Level 6 of the Lair of Beasts
 17187 | Lair:6   | Noticed Nessos
 17194 | Lair:6   | Killed Nessos
 17268 | Lair:6   | Reached skill level 16 in Polearms
 17328 | Lair:5   | Noticed Josephine
 17429 | Lair:5   | Killed Josephine
 18926 | Lair:6   | Identified the +8 broad axe of Generosity {flame, Int+4}
                  | (Trog gifted it to you on level 4 of the Lair of Beasts)
 19004 | Lair:6   | Reached skill level 17 in Polearms
 20169 | Lair:6   | Reached XP level 15. HP: 126/126 MP: 17/17
 20566 | D:2      | Killed Crazy Yiuf
 20687 | D:4      | Killed Enish's ghost
 20693 | D:4      | Got a transparent ring mail
 21058 | Orc:1    | Entered Level 1 of the Orcish Mines
 21099 | Orc:1    | Received a gift from Trog
 21260 | Orc:2    | Entered Level 2 of the Orcish Mines
 21330 | Orc:2    | Reached skill level 18 in Polearms
 21332 | Orc:2    | Noticed an orc warlord
 21341 | Orc:2    | Killed an orc warlord
 21815 | Orc:2    | Found a roughly hewn altar of Beogh.
 22181 | Orc:2    | Found Ireint's Antique Weapon Shop.
 22184 | Orc:2    | Found Kuiruek's Book Shop.
 22230 | Orc:2    | Found a staircase to the Elven Halls.
 22349 | Orc:2    | Received a gift from Trog
 22666 | Orc:2    | Reached skill level 19 in Polearms
 22743 | Orc:2    | Found Lioxkox's General Store.
 22749 | Orc:2    | Bought a scroll of identify for 34 gold pieces
 22749 | Orc:2    | Bought a scroll of identify for 34 gold pieces
 22749 | Orc:2    | Identified the +0 scale mail "Qeudd" {rN+ Int+3 Dex-4} (You
                  | found it on level 4 of the Lair of Beasts)
 22750 | Orc:2    | Identified the cursed +0 ring mail of Mouxtaga {rN+} (You
                  | found it on level 4 of the Dungeon)
 22866 | Orc:2    | Found Biteemu's Antique Armour Shop.
 23129 | Orc:1    | Found a runed translucent door.
 23291 | Orc:1    | Found a runed translucent door.
 24035 | Orc:2    | Bought a scroll of remove curse for 51 gold pieces
 24035 | Orc:2    | Bought a scroll of fog for 34 gold pieces
 24035 | Orc:2    | Bought a scroll of summoning for 161 gold pieces
 24818 | D:12     | Found a gateway to a bazaar.
 24848 | Bazaar   | Entered a bazaar
 24848 | Bazaar   | Found Siplil's Book Shop.
 24848 | Bazaar   | Found Upsyskops's Antique Armour Shop.
 24848 | Bazaar   | Found Boiryo Bymm's Antique Weapon Boutique.
 24857 | Bazaar   | Bought a manual of Throwing for 1324 gold pieces
 24861 | Bazaar   | Bought a glowing hat for 203 gold pieces
 24861 | Bazaar   | Bought a distressingly furry ring mail for 261 gold pieces
 24969 | D:12     | Identified the cursed +0 ring mail "Xocreb" {Int+3} (You
                  | bought it in a shop in a bazaar)
 25419 | D:13     | Found a gate to the Vaults.
 25464 | D:13     | You fall into a shaft and drop 2 floors!
 25464 | D:15     | Entered Level 15 of the Dungeon
 25509 | D:15     | Reached skill level 20 in Polearms
 25521 | D:15     | Found Nocius's Weapon Boutique.
 25776 | D:15     | Found a frozen archway.
 25798 | IceCv    | Entered an ice cave
 26396 | IceCv    | Received a gift from Trog
 26751 | IceCv    | Noticed a frost giant
 26767 | IceCv    | Killed a frost giant
 27732 | D:14     | Reached XP level 16. HP: 119/139 MP: 15/18
 28242 | D:13     | Received a gift from Trog
 28589 | D:13     | Paralysed by a hornet for 2 turns
 29207 | D:14     | Reached skill level 21 in Polearms
 29301 | D:14     | Got a masterwork morningstar
 30404 | D:15     | Found an ornate altar of the Wu Jian Council.
 30514 | D:15     | Found a staircase to the Depths.
 30550 | D:15     | Identified the +11 morningstar of Puomij {antimagic, rPois
                  | rC++ rN++} (You found it on level 14 of the Dungeon)
 30581 | D:15     | Received a gift from Trog
 30745 | D:15     | Cast into level 2 of the Abyss (wizard)
 30790 | D:15     | Escaped the Abyss
 31441 | Snake:1  | Entered Level 1 of the Snake Pit
 31450 | Snake:1  | Reached skill level 22 in Polearms
 32649 | Snake:1  | Found a large runed translucent door.
 32649 | Snake:1  | Found a large runed translucent door.
 32650 | Snake:1  | Noticed Canard's ghost (adept OpTm)
 32654 | Snake:1  | Found a sparkling altar of Nemelex Xobeh.
 33261 | Snake:2  | Noticed Vashnia
 33280 | Snake:2  | Reached skill level 23 in Polearms
 34179 | Snake:2  | Killed Vashnia
 34179 | Snake:2  | Reached XP level 17. HP: 146/146 MP: 19/19
 34591 | Snake:2  | Found a runed translucent gate.
 34591 | Snake:2  | Found a runed translucent gate.
 34591 | Snake:2  | Found a runed translucent gate.
 34593 | Snake:2  | Noticed Zoimialu's ghost (adept OpWz)
 34786 | Snake:2  | Noticed Azrael
 35067 | Snake:2  | Killed Azrael
 35360 | Snake:2  | Reached skill level 24 in Polearms
 36086 | Snake:3  | Noticed Aizul
 36096 | Snake:3  | Killed Aizul
 36627 | Snake:3  | Found a shimmering altar of Xom.
 36883 | Snake:3  | Received a gift from Trog
 36883 | Snake:3  | Reached skill level 5 in Throwing
 37142 | Snake:3  | Noticed Kirke
 37161 | Snake:3  | Killed Kirke
 37726 | Snake:4  | Entered Level 4 of the Snake Pit
 37752 | Snake:4  | Reached skill level 10 in Throwing
 37963 | Snake:4  | Found the +4 robe of Augmentation {Str+4 Int+4 Dex+4}
 38208 | Snake:4  | Received a gift from Trog
 39693 | Snake:4  | Reached XP level 18. HP: 154/154 MP: 20/20
 40102 | Snake:4  | Got a serpentine rune of Zot
 40234 | Snake:4  | Reached skill level 15 in Throwing
 40474 | Shoals:1 | Entered Level 1 of the Shoals
 40880 | Shoals:1 | Received a gift from Trog
 40956 | Shoals:1 | Found Rann's Antique Weapon Emporium.
 41710 | Shoals:2 | Found Jegua's Book Shop.
 41972 | Shoals:3 | Noticed Bai Suzhen
 42089 | Shoals:3 | Noticed Louise
 42089 | Shoals:3 | Noticed Ilsuiw
 42394 | Shoals:3 | Killed Ilsuiw
 42394 | Shoals:3 | Reached skill level 5 in Evocations
 42893 | Shoals:3 | Killed Bai Suzhen
 42935 | Shoals:3 | Found Hacuurugg's Gadget Shoppe.
 43275 | Shoals:3 | Noticed Polyphemus
 43361 | Shoals:3 | Killed Louise
 43517 | Shoals:3 | Killed Polyphemus
 43543 | Shoals:4 | Entered Level 4 of the Shoals
 44212 | Shoals:4 | Got a barnacled rune of Zot
 44687 | Shoals:4 | Reached XP level 19. HP: 155/163 MP: 22/22
 44735 | Shoals:4 | Reached skill level 10 in Dodging
 46058 | Orc:1    | Lost intelligence.
 46100 | Orc:1    | Paralysed by an orc sorcerer for 2 turns
 46408 | Elf:1    | Entered Level 1 of the Elven Halls
 46818 | Elf:1    | Cast into level 3 of the Abyss (a deep elf sorcerer)
 46938 | Abyss:3  | Found a shattered altar of Ashenzari.
 47019 | Abyss:3  | Received a gift from Trog
 47254 | Abyss:3  | Gained mutation: You possess an exceptional clarity of
                  | mind. [a neqoxec]
 47622 | Abyss:3  | Noticed a bone dragon
 47634 | Abyss:3  | Killed a bone dragon
 47684 | Abyss:3  | Identified a scroll of acquirement
 47685 | Abyss:3  | Got the +8 executioner's axe "Duyhibei" {speed, +Inv rPois
                  | Stlth+}
 47878 | Abyss:3  | Received a gift from Trog
 47886 | Abyss:3  | Got an abyssal rune of Zot
 48031 | Abyss:3  | Paralysed by accursed screaming for 1 turns
 48035 | Abyss:3  | Gained mutation: You do not regenerate when monsters are
                  | visible. [a neqoxec]
 48053 | Abyss:3  | Found a hide-covered altar of Uskayaw.
 48367 | Abyss:3  | Noticed a bone dragon
 48394 | Abyss:3  | Killed a bone dragon
 48396 | Abyss:3  | Reached XP level 20. HP: 76/176 MP: 10/25
 48405 | Abyss:3  | Gained mutation: You are occasionally teleported next to
                  | monsters. [a neqoxec]
 48417 | Elf:1    | Escaped the Abyss
 48861 | Elf:1    | Received a gift from Trog
 50410 | Vaults:1 | Entered Level 1 of the Vaults
 50771 | Vaults:1 | Lost mutation: You possess an exceptional clarity of mind.
                  | [potion of mutation]
 50771 | Vaults:1 | Lost mutation: You are occasionally teleported next to
                  | monsters. [potion of mutation]
 50771 | Vaults:1 | Gained mutation: You are weak. (Str -2) [potion of
                  | mutation]
 50771 | Vaults:1 | Gained mutation: Your spells are a little harder to cast,
                  | but a little more powerful. [potion of mutation]
 50771 | Vaults:1 | Gained mutation: You are very weak. (Str -4) [potion of
                  | mutation]
 50771 | Vaults:1 | Gained mutation: You possess an exceptional clarity of
                  | mind. [potion of mutation]
 51300 | Vaults:1 | Reached skill level 15 in Fighting
 51891 | Vaults:1 | Received a gift from Trog
 53885 | Vaults:2 | Received a gift from Trog
 54931 | Vaults:2 | Found a staircase to the Crypt.
 55096 | Vaults:3 | Reached XP level 21. HP: 183/183 MP: 27/27
 55457 | Vaults:3 | Cast into level 2 of the Abyss (a wizard)
 55476 | Abyss:2  | Identified the Collected Works on Twisted Necromancy
 55560 | Abyss:2  | Reached skill level 10 in Evocations
 55623 | Abyss:2  | Received a gift from Trog
 55708 | Vaults:3 | Escaped the Abyss
 55872 | Vaults:3 | Reached skill level 15 in Armour
 56309 | Vaults:3 | Identified the +0 kite shield of the Forest {MP+9 Int+8}
 56400 | Vaults:3 | HP: 9/183 [frost giant/+2 battleaxe of freezing (3)]
 56402 | Vaults:3 | Received a gift from Trog
 56402 | Vaults:3 | Hit by a large rock thrown by a stone giant

Illustrated notes

Levels and vault maps discovered:
D:1:      onia_arrival_pyramid, layout_rooms, minmay_vboxes
D:2:      layout_basic, kennysheep_doodads, minmay_pentomino_pile,
          uniq_crazy_yiuf_cottage
D:3:      layout_loops_ring, lemuel_doored_altar, first_ration
D:4:      layout_loops_ring, ebering_ghost_disaster_area, fedhas_altar_2,
          uniq_sigmund
D:5:      layout_loops_corners, nicolae_overflow_hidden_temple,
          portal_sewer_entry_e, ebering_dispersal_statue_hall,
          uniq_blork_the_orc
D:6:      layout_cave_pools, elyvilon_altar_1, gammafunk_temple_overflow_claw,
          temple_hall, minivault_5
D:7:      minmay_klotski, layout_rooms
D:8:      layout_loops_cross, grunt_pizzeria, minivault_1, guppyfry_shop_venom,
          uniq_gastronok, uniq_joseph, uniq_erica
D:9:      layout_rooms, dpeg_lair_monsters
D:10:     layout_basic, minmay_guarded_unrand_finisher
D:11:     layout_cross, orc_0_dummy
D:12:     layout_irregular_city, serial_shops, statue_bzr
D:13:     layout_gridville, david_vaults_2
D:14:     layout_irregular_city
D:15:     grunt_enter_depths_magical_seal, layout_long_grid,
          portal_ice_cave_entry_pillars_2, serial_park_square1
          [serial_park_minivault_5x5_7], serial_shops, nicolae_shop_statue_plus,
          basic_altar, nrook_guardian_serpent_ordinary
Lair:1:   gammafunk_cloud_chamber, layout_chaotic_city, lemuel_fruit_tree,
          grunt_megastairs_1
Lair:2:   minmay_guarded_unrand_snakebite, layout_long_grid,
          elwin_shoals_entry_rooms, hibernation_bobbens, serial_bayou_shore_a,
          lemuel_fruit_fields
Lair:3:   layout_regular_city, dummy_snake_entry, infiniplex_staircase_pool,
          uniq_fannar
Lair:4:   minmay_lair_venomous_thicket, layout_cave_shapes, basic_altar,
          lemuel_fruit_fields, uniq_rupert
Lair:5:   layout_gridlike, minmay_slime_entry_jelly_boxes,
          eino_small_chamber_without_monster, grunt_megastairs_5, uniq_josephine
Lair:6:   evil_forest, layout_gridlike, chequers_serial_rivers_small_a,
          lemuel_fruit_fields, uniq_nessos
Shoals:1: layout_shoals, serial_shops, nicolae_shop_window_shopping
Shoals:2: layout_shoals, serial_shops, shop
Shoals:3: layout_shoals, serial_shops, shop, uniq_louise, uniq_polyphemus,
          uniq_bai_suzhen, uniq_ilsuiw
Shoals:4: shoals_end_grunt_ice, layout_shoals
Snake:1:  layout_basic, ebering_ghost_disaster_area, basic_altar,
          nicolae_snake_single_loop
Snake:2:  layout_chambers, ebering_ghost_rock_garden, uniq_azrael, uniq_vashnia
Snake:3:  skrybe_snakes_to_sticks, layout_gridlike, statue_in_the_mist_lemuel,
          uniq_aizul, uniq_kirke
Snake:4:  snake_pit, layout_misc_corridors, serial_bayou_pond_d,
          guppyfry_library_mini
Orc:1:    layout_diamond_mine, chequers_guarded_unrand_ignorance
Orc:2:    grunt_orc_cross, layout_caves, guppyfry_orc_lava_fort
Elf:1:    layout_onion_city, minmay_elf_sorcery
Vaults:1: hangedman_vaults_slice, vaults_room_grunt_arrival_checkpoint,
          ontoclasm_vaults_idyll, st_smaller_cells, v_misc_5,
          nicolae_vaults_little_squares_2, vaults_dpeg_encased_lava,
          dpeg_vaults_monster_box, layout_vaults_chaotic_city
Vaults:2: minmay_crypt_entry_vampire_xt, vaults_mumra_chevron_long,
          nicolae_vaults_circle_grid_b, vaults_room_guarded_vault,
          nicolae_vaults_network_star, layout_vaults_quadrants, serial_glass
Vaults:3: nicolae_vaults_little_squares_6, st_greater_box_1,
          ontoclasm_vaults_ring_square, nicolae_vaults_hallways_thing,
          vaults_room_stairs_pillars, vaults_dpeg_diagonal,
          nicolae_vaults_network_s, grunt_vaults_hallway_long,
          layout_vaults_omnicross

Skill      XL: |  1  2  3  4  5  6  7  8  9 10 11 12 13 14 15 16 17 18 19 20 21 |
---------------+----------------------------------------------------------------+-----
Axes           | 4 5 6 7 8 9 11 14 15 16 17 19 21 | 21.1
Fighting       | 4 6 7 9 10 12 13 14 15 | 15.0
Armour         | 3 6 7 9 10 11 13 14 15 | 15.0
Dodging        | 3 4 6 8 9 11 12 | 12.0
Evocations     | 1 3 4 6 8 9 10 | 10.0
Throwing       | 3 4 14 15 16 | 16.0
Polearms       | 5 13 17 20 23 24 | 24.4

Action                   |  1- 3 |  4- 6 |  7- 9 | 10-12 | 13-15 | 16-18 | 19-21 || total
-------------------------+-------+-------+-------+-------+-------+-------+-------++-------
Melee: Hand axe          |    68 |   110 |   302 |   332 |       |       |       ||   812
       Headbutt          |    11 |    11 |    47 |   143 |   272 |   187 |   285 ||   956
       War axe           |       |       |       |   206 |       |       |       ||   206
       Whip              |       |       |       |    64 |   474 |       |       ||   538
       Broad axe         |       |       |       |       |   539 |   249 |       ||   788
       Scythe            |       |       |       |       |       |  1199 |   946 ||  2145
       Executioner's axe |       |       |       |       |       |       |   506 ||   506
Throw: Boomerang         |       |     1 |       |     7 |       |     3 |    16 ||    27
       Javelin           |       |       |       |       |       |     1 |    11 ||    12
Invok: Berserk           |       |     3 |     7 |    11 |     8 |     5 |     2 ||    36
       Trog's Hand       |       |     1 |     4 |     1 |     9 |    15 |    15 ||    45
       Brothers in Arms  |       |       |       |     2 |     6 |    10 |     3 ||    21
Evoke: Wand              |       |       |       |     6 |     1 |       |     6 ||    13
       Tin of tremorston |       |       |       |       |     2 |       |       ||     2
  Use: Scroll            |     1 |    12 |     6 |    10 |    12 |    10 |    12 ||    63
       Potion            |       |     1 |       |     1 |     1 |     1 |     8 ||    12
 Stab: Paralysed         |       |       |       |       |     3 |       |     1 ||     4
       Distracted        |       |       |       |       |     1 |     1 |     3 ||     5
       Invisible         |       |       |       |       |       |       |     1 ||     1
  Eat: Chunk             |     1 |    11 |    12 |    35 |    41 |    26 |    32 ||   158
       Ration            |       |       |     2 |     1 |     4 |    12 |     4 ||    23
Armor: Leather armour    |     9 |       |       |       |       |       |       ||     9
       Animal skin       |     1 |       |       |       |       |       |       ||     1
       Ring mail         |    14 |       |       |       |       |       |       ||    14
       Scale mail        |       |    36 |       |       |       |       |       ||    36
       Chain mail        |       |       |   131 |   271 |   380 |    77 |       ||   859
       Plate armour      |       |       |       |       |       |   315 |       ||   315
       Storm dragon scal |       |       |       |       |       |    55 |   453 ||   508
Dodge: Dodged            |    28 |    64 |   101 |   211 |   339 |   301 |   419 ||  1463
Block: Buckler           |       |    10 |    22 |    42 |       |       |       ||    74
       Kite shield       |       |       |       |    26 |   337 |    64 |       ||   427
       Other             |       |       |       |       |       |   127 |    30 ||   157
       Reflection        |       |       |       |       |       |    24 |     1 ||    25
